 Dungeon Crawl Stone Soup version 0.28.0 (webtiles) character file.

Game seed: 1631530756745971278

16636 Colgate the Brawler (level 12, 0/85 HPs)
             Began as a Ghoul Gladiator on Feb 15, 2022.
             Was an Initiate of Gozag.
             Slain by an eight-headed hydra (1 damage)
             ... on level 12 of the Dungeon.
             The game lasted 01:11:03 (16261 turns).

Colgate the Brawler (Ghoul Gladiator)              Turns: 16261, Time: 01:11:03

Health: 0/85       AC: 21    Str: 19    XL:     12   Next: 39%
Magic:  11/11      EV: 14    Int:  3    God:    Gozag
Gold:   392        SH:  0    Dex: 14    Spells: 11/11 levels left

rFire   . . .      SeeInvis +     - Unarmed
rCold   . . .      Faith    .   (no shield)
rNeg    + + +      Spirit   .   F - +9 scale mail of Purpose {Will++ Stlth+}
rPois   ∞          Reflect  .   b - +2 helmet
rElec   .          Harm     .   R - +0 cloak of Optimism {+Blink rC- Will+ rCorr}
rCorr   +          Rampage  .   (no gloves)
Will    +++..                   (no boots)
Stlth   +++.......              e - amulet of the acrobat
HPRegen 0.00/turn               I - ring of see invisible
MPRegen 0.12/turn               T - +4 ring of evasion

@: inhibited regen, invisible
A: claws 1, cold resistance 1, negative energy resistance 3, inhibited
regeneration, torment resistance 2
a: Renounce Religion, Evoke Blink, Potion Petition, Call Merchant, Bribe Branch


You were on level 12 of the Dungeon.
You worshipped Gozag.
Gozag was aware of your devotion.
You visited 1 branch of the dungeon, and saw 12 of its levels.

You collected 2333 gold pieces.
You spent 902 gold pieces at shops.
You paid 1039 gold pieces to Gozag.

Inventory:

Missiles
 c - a throwing net (quivered)
 i - 311 stones
 u - 9 javelins
 v - 2 silver javelins
 B - 99 poisoned darts
 G - 10 curare-tipped darts
 O - 5 boomerangs
Armour
 b - a +2 helmet (worn)
 d - a +2 robe of willpower
 n - a +3 chain mail
 E - the +2 chain mail of Efaunaz {rF+ Int+3}
   (You bought it in a shop on level 6 of the Dungeon)

   Int:       It affects your intelligence (+3).
   rF:        It protects you from fire.
 F - the +9 scale mail of Purpose (worn) {Will++ Stlth+}
   (You bought it in a shop on level 6 of the Dungeon)

   Will:      It greatly increases your willpower.
   Stlth:     It makes you more stealthy.
 R - the +0 cloak of Optimism (worn) {+Blink rC- Will+ rCorr}
   (You bought it in a shop on level 9 of the Dungeon)

   rC:        It makes you vulnerable to cold.
   +Blink:    It lets you blink.
   rCorr:     It protects you from acid and corrosion.
   Will:      It increases your willpower.
 S - the +0 chain mail "Eheic" {+Inv Will+ MP+9 Str+3}
   (You bought it in a shop on level 9 of the Dungeon)

   Str:       It affects your strength (+3).
   MP:        It affects your magic capacity (+9).
   +Inv:      It lets you turn invisible.
   Will:      It increases your willpower.
Jewellery
 e - an amulet of the acrobat (around neck)
 I - a ring of see invisible (left claw)
 N - a ring of flight
 T - a +4 ring of evasion (right claw)
 V - a ring of resist corrosion
Wands
 r - a wand of iceblast (11)
 C - a wand of mindburst (17)
 H - a wand of digging (14)
 Q - a wand of flame (13)
 X - a wand of paralysis (6)
Scrolls
 a - 2 scrolls of holy word
 f - 2 scrolls of vulnerability
 j - 2 scrolls of silence
 k - 3 scrolls of enchant armour
 l - a scroll of torment {unknown}
 m - 2 scrolls of magic mapping
 q - a scroll of summoning
 t - 7 scrolls of teleportation
 x - 4 scrolls of fog
 y - 4 scrolls of blinking
 A - 7 scrolls of noise
 K - a scroll of fear {unknown}
 P - 2 scrolls of immolation {unknown}
 U - a scroll of amnesia
 W - a scroll of acquirement {unknown}
Potions
 g - 3 potions of cancellation
 h - 3 potions of heal wounds
 p - 4 potions of curing
 s - 2 potions of berserk rage
 w - 4 potions of might
 M - a potion of attraction
Miscellaneous
 L - a piece from Xom's chessboard (8/15)


   Skills:
 - Level 2.1 Fighting
 - Level 1.7 Throwing
 + Level 6.2 Armour
 - Level 2.6 Dodging
 - Level 5.4 Stealth
 - Level 19.0 Unarmed Combat
 - Level 3.2 Evocations


You had 11 spell levels left.
You didn't know any spells.
Your spell library contained the following spells:

 Spells                   Type           Power      Damage    Failure   Level
 Magic Dart               Conj           0%         1d3       86%         1
 Call Imp                 Summ           0%         N/A       94%         2
 Static Discharge         Conj/Air       0%         N/A       94%         2
 Mephitic Cloud           Conj/Pois/Air  0%         N/A       99%         3
 Animate Armour           Summ/Erth      0%         N/A       100%        4
 Petrify                  Tmut/Erth      0%         N/A       100%        4
 Irradiate                Conj/Tmut      0%         3d13      100%        5
 Lightning Bolt           Conj/Air       0%         1d11      100%        5
 Iron Shot                Conj/Erth      0%         9d1       100%        6
 Maxwell's Capacitive Co  Air            0%         ∞         100%        8
 Sublimation of Blood     Necr           Unusable   N/A       N/A         2
 Blade Hands              Tmut           Unusable   N/A       N/A         5

Dungeon Overview and Level Annotations

Branches:
Dungeon (12/15)            Temple (0/1) D:6            Lair (0/6) D:9
    Orc (0/2) D:11

Altars:
Ashenzari
Fedhas
Gozag
Kikubaaqudgha
Makhleb
Okawaru
Qazlal
Uskayaw
Xom
Zin
The Shining One
Beogh

Shops:
D:6 [*   D:9 [


Innate Abilities, Weirdness & Mutations

You thrive by killing the living.
You are immune to poison.
You have sharp fingernails.
Your flesh is cold resistant. (rC+)
You are immune to negative energy. (rN+++)
You do not regenerate when monsters are visible.
You are immune to unholy pain and torment.


Message History

The eight-headed hydra bites you. x2
The eight-headed hydra barely misses you.
The eight-headed hydra bites you but does no damage.
Throw: 3 throwing nets
Press: ? - help, Shift-Dir - straight line, f/p - eight-headed hydra
Aim: an eight-headed hydra (78% to hit, immune to nets)
You throw a throwing net.
The throwing net hits the eight-headed hydra.
The eight-headed hydra is too large for the net to hold!
The eight-headed hydra bites you but does no damage.
The eight-headed hydra bites you.
The eight-headed hydra bites you but does no damage.
The eight-headed hydra bites you.
The eight-headed hydra bites you but does no damage.
The eight-headed hydra closely misses you.
The eight-headed hydra misses you. The eight-headed hydra bites you!
Throw: 2 throwing nets
Press: ? - help, Shift-Dir - straight line, f/p - eight-headed hydra
Aim: an eight-headed hydra (78% to hit, immune to nets)
You throw a throwing net.
The throwing net hits the eight-headed hydra.
The eight-headed hydra is too large for the net to hold!
The eight-headed hydra bites you.
* * * LOW HITPOINT WARNING * * *
The eight-headed hydra bites you but does no damage. x2
The eight-headed hydra barely misses you.
The eight-headed hydra bites you!
* * * LOW HITPOINT WARNING * * *
The eight-headed hydra barely misses you.
The eight-headed hydra bites you!
* * * LOW HITPOINT WARNING * * *
The eight-headed hydra bites you!
* * * LOW HITPOINT WARNING * * *
Unknown command.
Okay, then.
You fade into invisibility!
The eight-headed hydra closely misses you.
The eight-headed hydra bites you.
You die...
Your body crumbles into a pile of gold.

#...........###'##'#######....##
#.########..#............###..#.
#.'.....)#..#..............#..#.
#.#......##.#....#######..[#..#.
#.#.......#.#....# #...#..#.
#.#....$###.#....# #...#+##.
#.#.....#...#....# #........
#.'.....#...#.$..# #........
#.#.....#...#..@D#######........
#.#$....'.>.#)....e.........####
#.#.....#...#...............#...
#.#.....#...#...............#...
#.#.....#...#.##+#######....# ..
#.#####'#...#$#........+..$.# .
#...........#$#.Y>.....###..#
#...........#$#.Y........#§.#
#....$..[...#.#...Y..$...#..####


You could see an eight-headed hydra and a deep elf pyromancer.

Vanquished Creatures
  A centaur warrior (D:9)
  2 boulder beetles
  5 two-headed ogres
  Nergalle (D:10)
  2 ugly things
  A cyclops (D:12)
  2 gargoyles (D:12)
  A kobold demonologist (D:10)
  3 trolls (D:12)
  2 hornets (D:9)
  3 wyverns
  A wraith (D:11)
  8 yaks
  2 vampires
  A steam dragon (D:6)
  A water moccasin (D:9)
  5 ogres
  7 orc warriors
  An ice beast (D:7)
  A black bear (D:4)
  2 phantoms
  2 centaurs
  Blork the orc (D:6)
  25 kobold brigands
  A gnoll sergeant (D:9)
  4 bullfrogs
  A scorpion (D:5)
  A wyvern zombie (D:8)
  9 killer bees
  12 wights
  A howler monkey (D:8)
  A bullfrog zombie (D:6)
  2 hounds
  9 orc priests
  2 gnoll shamans
  2 centaur skeletons
  6 iguanas
  6 orc wizards
  Terence (D:2)
  A killer bee zombie (D:9)
  A hound skeleton (D:4)
  A howler monkey zombie (D:7)
  20 gnolls
  2 howler monkey skeletons
  5 adders
  A shadow imp (D:8)
  An ufetubus (D:6)
  An adder skeleton (D:4)
  3 worms
  3 dart slugs
  33 orcs
  3 bats
  9 endoplasms
  6 giant cockroaches
  9 goblins
  6 hobgoblins
  8 jackals
  4 quokkas
  9 ball pythons
  3 frilled lizards
  30 kobolds
  6 rats
303 creatures vanquished.

Vanquished Creatures (others)
  A kobold brigand (D:10)
  10 fungi (D:9)
  16 plants
27 creatures vanquished.

Grand Total: 330 creatures vanquished

Notes
Turn   | Place    | Note
-------+----------+-------------------------------------------
     0 | D:1      | Colgate the Ghoul Gladiator began the quest for the Orb.
     0 | D:1      | Reached XP level 1. HP: 17/17 MP: 0/0
    78 | D:1      | Reached XP level 2. HP: 24/24 MP: 1/1
   224 | D:1      | Reached skill level 4 in Unarmed Combat
   350 | D:1      | Reached XP level 3. HP: 29/29 MP: 2/2
   954 | D:2      | Found a shimmering altar of Xom.
   961 | D:2      | Reached skill level 5 in Unarmed Combat
  1025 | D:2      | Found a faded altar of an unknown god.
  1033 | D:2      | Prayed at the altar of an unknown god.
  1033 | D:2      | Became a worshipper of Gozag Ym Sagoz the Greedy
  1142 | D:2      | Noticed Terence
  1148 | D:2      | Killed Terence
  1149 | D:2      | Reached XP level 4. HP: 22/36 MP: 3/3
  1597 | D:2      | Reached skill level 6 in Unarmed Combat
  2266 | D:3      | Reached XP level 5. HP: 41/41 MP: 4/4
  2434 | D:3      | Reached skill level 1 in Armour
  2533 | D:3      | Found the +13 scythe of Curses {drain, Drain}
  2868 | D:3      | Found a broken altar of Ashenzari.
  2868 | D:3      | Found an ancient bone altar of Kikubaaqudgha.
  2869 | D:3      | Found an opulent altar of Gozag.
  3100 | D:4      | Noticed a black bear
  3107 | D:4      | Killed a black bear
  3108 | D:4      | Reached skill level 7 in Unarmed Combat
  3108 | D:4      | Reached XP level 6. HP: 48/48 MP: 5/5
  3941 | D:5      | Entered Level 5 of the Dungeon
  3967 | D:5      | Reached skill level 8 in Unarmed Combat
  3967 | D:5      | Reached XP level 7. HP: 43/55 MP: 6/6
  4476 | D:5      | Found an iron altar of Okawaru.
  4714 | D:5      | Reached skill level 9 in Unarmed Combat
  4909 | D:5      | Reached XP level 8. HP: 61/61 MP: 7/7
  5094 | D:6      | Reached skill level 10 in Unarmed Combat
  5163 | D:6      | Found a burning altar of Makhleb.
  5446 | D:6      | Found a shimmering altar of Xom.
  5453 | D:6      | Reached skill level 11 in Unarmed Combat
  5494 | D:6      | Found a shimmering altar of Xom.
  5503 | D:6      | Found Nesyv's General Store.
  5646 | D:6      | Noticed Blork the orc
  5648 | D:6      | Found a staircase to the Ecumenical Temple.
  5659 | D:6      | Killed Blork the orc
  6310 | D:6      | Bought a polished leather armour for 112 gold pieces
  6310 | D:6      | Identified the +0 leather armour of Apathy {Harm rN+} (You
                  | bought it in a shop on level 6 of the Dungeon)
  6310 | D:6      | Bought a pitted chain mail for 152 gold pieces
  6310 | D:6      | Identified the +2 chain mail of Efaunaz {rF+ Int+3} (You
                  | bought it in a shop on level 6 of the Dungeon)
  6310 | D:6      | Bought a translucent scale mail for 144 gold pieces
  6310 | D:6      | Identified the +9 scale mail of Purpose {Will++ Stlth+}
                  | (You bought it in a shop on level 6 of the Dungeon)
  6448 | D:7      | Reached XP level 9. HP: 67/67 MP: 8/8
  6454 | D:7      | Reached skill level 12 in Unarmed Combat
  7279 | D:8      | Reached skill level 13 in Unarmed Combat
  8281 | D:8      | Reached skill level 14 in Unarmed Combat
  8982 | D:9      | Noticed a hornet
  9007 | D:9      | Reached XP level 10. HP: 59/73 MP: 9/9
  9200 | D:9      | Reached skill level 15 in Unarmed Combat
  9265 | D:9      | Reached skill level 1 in Stealth
  9270 | D:9      | Found a staircase to the Lair.
  9532 | D:9      | Found a hide-covered altar of Uskayaw.
  9741 | D:9      | Noticed a centaur warrior
  9754 | D:9      | Killed a centaur warrior
  9755 | D:9      | Reached skill level 16 in Unarmed Combat
  9804 | D:9      | Noticed a two-headed ogre
  9881 | D:9      | Killed a two-headed ogre
  9912 | D:9      | Noticed a white ugly thing
  9928 | D:9      | Killed a white ugly thing
  9929 | D:9      | Reached XP level 11. HP: 79/79 MP: 10/10
 10668 | D:10     | Entered Level 10 of the Dungeon
 10678 | D:10     | Reached skill level 17 in Unarmed Combat
 11108 | D:10     | Noticed a boulder beetle
 11134 | D:10     | Killed a boulder beetle
 11135 | D:10     | Reached skill level 18 in Unarmed Combat
 11292 | D:10     | Found a stormy altar of Qazlal.
 11382 | D:10     | Noticed Nergalle
 11395 | D:10     | Killed Nergalle
 11494 | D:10     | Found a blossoming altar of Fedhas.
 12474 | D:9      | Bought a crude cloak for 247 gold pieces
 12474 | D:9      | Identified the +0 cloak of Optimism {+Blink rC- Will+
                  | rCorr} (You bought it in a shop on level 9 of the Dungeon)
 12479 | D:9      | Bought a jewelled chain mail for 247 gold pieces
 12479 | D:9      | Identified the +0 chain mail "Eheic" {+Inv Will+ MP+9
                  | Str+3} (You bought it in a shop on level 9 of the Dungeon)
 12576 | D:11     | Found a staircase to the Orcish Mines.
 12650 | D:11     | Noticed a two-headed ogre
 12662 | D:11     | Killed a two-headed ogre
 12927 | D:11     | Noticed a red ugly thing
 12945 | D:11     | Killed a red ugly thing
 13045 | D:11     | Noticed a two-headed ogre
 13057 | D:11     | Killed a two-headed ogre
 13058 | D:11     | Reached skill level 19 in Unarmed Combat
 13949 | D:10     | Found a stormy altar of Qazlal.
 14139 | D:10     | Found a blossoming altar of Fedhas.
 14415 | D:11     | Found a staircase to the Orcish Mines.
 14860 | D:12     | Noticed a two-headed ogre
 14872 | D:12     | Killed a two-headed ogre
 14873 | D:12     | Reached XP level 12. HP: 78/85 MP: 11/11
 15136 | D:12     | Reached skill level 5 in Armour
 15298 | D:12     | Reached skill level 1 in Evocations
 15328 | D:12     | Noticed a two-headed ogre
 15337 | D:12     | Killed a two-headed ogre
 15418 | D:12     | Noticed a boulder beetle
 15448 | D:12     | Killed a boulder beetle
 15449 | D:12     | Reached skill level 5 in Stealth
 16234 | D:12     | Noticed an eight-headed hydra
 16260 | D:12     | HP: 1/85 [eight-headed hydra (8)]
 16261 | D:12     | Slain by an eight-headed hydra

Illustrated notes

Levels and vault maps discovered:
D:1:      lemuel_arrival_room, layout_loops_ring, palyth_stone_intersect,
          minivault_27, chequers_mini_garden
D:2:      minmay_evil_eye, layout_rooms, serial_co_window_serial,
          co_window_cross_1, co_window_paths_a, co_window_corner_a,
          co_window_paths_b, co_window_corner_a, co_window_of_opportunity_a,
          co_window_corner_a, co_window_corner_ca, co_window_corner_cb,
          co_window_2corner, co_window_of_opportunity_c, co_window_paths_c,
          co_window_corner_b, co_window_unsneaky_path_d, co_window_paths_d,
          basic_altar, hellmonk_ecumenical_altar_run_dry, uniq_terence
D:3:      layout_basic, gammafunk_temple_overflow_claw
D:4:      layout_gridville, st_stairs_3
D:5:      layout_loops_ring, mainiacjoe_overflow_small_starburst
D:6:      layout_loops_ring, xom_redecorated, bloody_makhleb,
          minmay_temple_entry_overgrown, serial_shops, shop, minmay_door_square,
          uniq_blork_the_orc
D:7:      layout_rooms
D:8:      layout_loops_corners, nrook_pool_corridor
D:9:      kennysheep_blocky_room, layout_loops_corners,
          amethyst_overflow_temple_binary, mainiacjoe_overflow_brackets,
          grunt_lair_entry_orc_guard_hut
D:10:     layout_roguey [special_room_kobold], overflow_temple_1_default,
          nicolae_qazlal_scattered_showers, st_stairs_12,
          hangedman_decor_points, uniq_nergalle
D:11:     layout_basic, minmay_orc_entry_temple_small
D:12:     layout_irregular_city

Skill      XL: |  1  2  3  4  5  6  7  8  9 10 11 12 |
---------------+-------------------------------------+-----
Unarmed Combat | 4 5 6 7 8 9 11 14 16 19 | 19.0
Armour         | 1 3 4 6 |  6.2
Stealth        | 4 5 |  5.4
Evocations     | 3 |  3.2
Fighting       | |  2.1
Throwing       | |  1.7
Dodging        | |  2.6

Action                   |  1- 3 |  4- 6 |  7- 9 | 10-12 || total
-------------------------+-------+-------+-------+-------++-------
Melee: Unarmed           |    97 |   174 |   282 |   440 ||   993
       Punch             |     5 |     5 |    19 |    59 ||    88
Throw: Stone             |       |       |     7 |     1 ||     8
       Throwing net      |       |       |     3 |     5 ||     8
       Dart              |       |       |     7 |     7 ||    14
       Javelin           |       |       |     9 |     3 ||    12
Invok: Call Merchant     |       |       |     1 |     1 ||     2
Evoke: Wand              |       |       |     2 |     8 ||    10
       Piece from Xom's  |       |       |       |     9 ||     9
  Use: Scroll            |       |       |    15 |     8 ||    23
       Potion            |       |       |       |     1 ||     1
 Stab: Distracted        |       |       |     1 |     7 ||     8
       Sleeping          |       |       |       |     4 ||     4
       Held in net/web   |       |       |       |     1 ||     1
       Paralysed         |       |       |       |     5 ||     5
Armor: Leather armour    |     2 |       |       |       ||     2
       Ring mail         |    13 |       |       |       ||    13
       Chain mail        |       |    70 |    54 |       ||   124
       Scale mail        |       |       |    56 |   131 ||   187
Dodge: Dodged            |    34 |    61 |   113 |   215 ||   423
